 Dungeon Crawl Stone Soup version 0.23-a0-304-g26e74f2614 (webtiles) character file.

1765 PikkenKukken the Grasshopper (level 9, -10/69 HPs)
             Began as a Gnoll Warper on Oct 9, 2018.
             Was a Believer of Dithmenos.
             Mangled by an orc warrior
             ... wielding a +0 mace
              (21 damage)
             ... on level 7 of the Dungeon.
             The game lasted 00:24:08 (10084 turns).

PikkenKukken the Grasshopper (Gnoll Warper)        Turns: 10084, Time: 00:24:09

Health: -10/69     AC:  6    Str: 19    XL:     9   Next: 7%
Magic:  29/29      EV: 21    Int: 17    God:    Dithmenos [**....]
Gold:   243        SH:  0    Dex: 19    Spells: 15/20 levels left

rFire    . . .     SeeInvis .   a - +1 spear
rCold    . . .     Gourm    .   (no shield)
rNeg     . . .     Faith    .   b - +0 leather armour
rPois    .         Spirit   .   (no helmet)
rElec    .         Reflect  .   (no cloak)
rCorr    .         Harm     .   B - +0 pair of gloves
MR       +....                  n - +0 pair of boots
Stlth    +++++.....             (no amulet)
HPRegen  0.21/turn              h - ring of magical power
MPRegen  0.21/turn              (no ring)

@: mighty, agile, wreathed by umbra
A: distributed training, fangs 1, high mp 1, magic resistance 1, weak 1, wild
magic 1, evolution 1, MP-powered wands, strong nose
a: Shadow Step, Renounce Religion


You were on level 7 of the Dungeon.
You worshipped Dithmenos.
Dithmenos was pleased with you.
You were not hungry.

You visited 2 branches of the dungeon, and saw 9 of its levels.
You also visited: Sewer.

You collected 351 gold pieces.
You spent 108 gold pieces at shops.

Inventory:

Hand Weapons
 a - a +1 spear (weapon)
Missiles
 c - 277 stones
 e - 3 tomahawks of dispersal
 o - 130 arrows
 s - 7 tomahawks (quivered)
Armour
 b - a +0 leather armour (worn)
 n - a +0 pair of boots (worn)
 B - a +0 pair of gloves (worn)
Jewellery
 h - a ring of magical power (left hand)
 r - a +1 ring of evasion
Wands
 w - a wand of disintegration (13)
 z - a wand of flame (21)
Scrolls
 d - 3 scrolls of blinking
 p - 2 scrolls of enchant weapon
 u - 2 scrolls of teleportation
 v - a scroll of fog
 x - a scroll of identify
Potions
 i - 4 potions of curing
 j - 3 potions of flight
 k - a potion of cancellation {unknown}
 l - 6 potions of heal wounds
 m - 3 potions of mutation
 t - 4 potions of agility
 A - 2 potions of ambrosia
 C - a potion of haste {unknown}
Comestibles
 g - 2 rations
 q - 7 chunks of flesh


   Skills:
 + Level 6.0 Fighting
 + Level 3.8 Short Blades
 + Level 3.8 Long Blades
 + Level 3.8 Axes
 + Level 3.8 Maces & Flails
 + Level 6.0 Polearms
 + Level 3.8 Staves
 + Level 3.8 Slings
 + Level 3.8 Bows
 + Level 3.8 Crossbows
 + Level 4.6 Throwing
 + Level 4.6 Armour
 + Level 6.0 Dodging
 + Level 3.8 Stealth
 + Level 3.8 Shields
 + Level 3.8 Unarmed Combat
 + Level 6.3 Spellcasting
 + Level 3.1 Conjurations
 + Level 3.1 Hexes
 + Level 3.1 Charms
 + Level 3.1 Summonings
 + Level 3.1 Necromancy
 + Level 6.3 Translocations
 + Level 3.1 Transmutations
 + Level 3.1 Fire Magic
 + Level 3.1 Ice Magic
 + Level 3.1 Air Magic
 + Level 3.1 Earth Magic
 + Level 3.1 Poison Magic
 + Level 4.1 Invocations
 + Level 3.8 Evocations


You had 15 spell levels left.
You knew the following spells:

 Your Spells              Type           Power        Failure   Level  Hunger
a - Blink                 Tloc           N/A          3%          2    None
b - Shroud of Golubria    Chrm/Tloc      ####......   5%          2    None
c - Sandblast             Erth           ###...       7%          1    None

Your spell library contained the following spells:

 Spells                   Type           Power        Failure   Level  Hunger
 Apportation              Tloc           #####.       2%          1    None
 Gell's Gravitas          Tloc           #####.....   5%          3    ##.....
 Lesser Beckoning         Tloc           #####.....   5%          3    ##.....
 Teleport Other           Tloc           #####...     5%          3    ##.....
 Animate Skeleton         Necr           N/A          7%          1    None
 Confusing Touch          Hex            ###...       7%          1    None
 Freeze                   Ice            ###.         7%          1    None
 Summon Small Mammal      Summ           ###.         7%          1    None
 Passwall                 Tmut/Erth      ###.....     10%         2    None
 Passage of Golubria      Tloc           N/A          16%         4    ####...
 Stone Arrow              Conj/Erth      ###...       17%         3    ##.....
 Force Lance              Conj/Tloc      ####....     28%         4    ####...
 Petrify                  Tmut/Erth      ###.....     45%         4    ####...
 Lee's Rapid Deconstruct  Erth           ###.......   80%         5    #####..
 Bolt of Cold             Conj/Ice       ###.......   100%        6    #######


Dungeon Overview and Level Annotations

Branches:
Dungeon (8/15)             Temple (1/1) D:4
   Lair: D:8-11

Altars:
Ashenzari
Cheibriados
Dithmenos
Elyvilon
Fedhas
Gozag
Hepliaklqana
Kikubaaqudgha
Makhleb
Nemelex Xobeh
Okawaru
Qazlal
Ru
Sif Muna
Trog
Uskayaw
Vehumet
Wu Jian
Xom
Yredelemnul
Zin
The Shining One

Shops:
D:5 !


Innate Abilities, Weirdness & Mutations

Your experience applies equally to all skills.
You have very sharp teeth.
Your uncanny sense of smell can sniff out nearby items.
You have an increased reservoir of magic. (+10% MP)
You are resistant to hostile enchantments. (MR+)
You are weak. (Str -2)
Your spells are a little harder to cast, but a little more powerful.
You evolve.
You expend magic power (3 MP) to strengthen your wands.


Message History

You are too injured to fight recklessly!
You are too injured to fight recklessly!
You are too injured to fight recklessly!
You are too injured to fight recklessly!
You are too injured to fight recklessly!
You are too injured to fight recklessly!
You hit the orc warrior but do no damage.
The orc warrior is lightly wounded.
You closely miss the orc warrior. Your bite misses the orc warrior.
The orc warrior is lightly wounded.
The orc warrior barely misses you.
You feel very mighty all of a sudden. The orc warrior hits you with a mace!
* * * LOW HITPOINT WARNING * * *
You hit the orc warrior.
The orc warrior is lightly wounded.
You hit the orc warrior.
The orc warrior is moderately wounded.
The orc warrior hits you with a mace!!
You die...

...#
#..####.#.....##########
...#
#.............'.........
...#
##.####.#.....##########
#### .. #.#.....######
#### #.#..........#
##..## #.####.......#
#....# #.# #._.....#
#_.⌠.## #.# #.......#
#.....# #@# #.......#
##### #....###o#
#.......# ....#
#....'.#o# #.......#
###.# #....#.oo#
######### ÷.#.#
#.....###.###### ..#.#
#_.⌠.##........# ..#.#
#....#.........# ..#.#
###..##.........# ..#.#
#.####...[......#


You could see an orc warrior and 3 orcs.

Vanquished Creatures
  A hungry ghost (D:4)
  A black bear (D:6)
  2 ogres
  A centaur (D:5)
  Blork the orc (D:6)
  A big kobold (Sewer)
  A bullfrog (D:6)
  2 scorpions (D:7)
  A howler monkey (D:7)
  3 crimson imps (D:6)
  A bullfrog zombie (D:5)
  2 hounds (D:6)
  2 jellies
  2 centaur skeletons (D:6)
  2 orc priests
  2 orc wizards
  2 iguanas
  6 worker ants
  A hound zombie (D:7)
  2 worker ant zombies (D:6)
  9 adders
  A gnoll (D:1)
  8 river rats
  An ooze (D:2)
  7 worms
  A dart slug (D:2)
  4 leopard geckos
  9 orcs
  5 bats
  5 giant cockroaches
  11 goblins
  7 hobgoblins
  2 jackals (D:7)
  20 kobolds
  2 quokkas
  3 ball pythons (Sewer)
  2 frilled lizards
  A leopard gecko zombie (D:6)
  26 rats
  A spectral orc (D:5)
161 creatures vanquished.

Notes
Turn   | Place    | Note
-------+----------+-------------------------------------------
     0 | D:1      | PikkenKukken the Gnoll Warper began the quest for the Orb.
     0 | D:1      | Reached XP level 1. HP: 20/20 MP: 6/6
    49 | D:1      | Reached XP level 2. HP: 16/26 MP: 7/7
   119 | D:1      | Learned a level 2 spell: Blink
   122 | D:1      | Learned a level 2 spell: Shroud of Golubria
   978 | D:2      | Reached XP level 3. HP: 29/31 MP: 9/9
  1003 | D:2      | Reached skill level 5 in Spellcasting
  1118 | D:2      | Found a shattered altar of Ashenzari.
  1120 | D:2      | Reached skill level 1 in Invocations
  1150 | D:2      | Found a shimmering altar of Xom.
  1401 | D:2      | Reached skill level 1 in Short Blades
  1401 | D:2      | Reached skill level 1 in Long Blades
  1401 | D:2      | Reached skill level 1 in Axes
  1401 | D:2      | Reached skill level 1 in Maces & Flails
  1401 | D:2      | Reached skill level 1 in Staves
  1401 | D:2      | Reached skill level 1 in Slings
  1401 | D:2      | Reached skill level 1 in Bows
  1401 | D:2      | Reached skill level 1 in Crossbows
  1401 | D:2      | Reached skill level 1 in Stealth
  1401 | D:2      | Reached skill level 1 in Shields
  1401 | D:2      | Reached skill level 1 in Unarmed Combat
  1401 | D:2      | Reached skill level 1 in Evocations
  1401 | D:2      | Reached XP level 4. HP: 20/38 MP: 11/11
  2201 | D:4      | Found a shattered altar of Ashenzari.
  2325 | D:4      | Reached skill level 1 in Conjurations
  2325 | D:4      | Reached skill level 1 in Hexes
  2325 | D:4      | Reached skill level 1 in Charms
  2325 | D:4      | Reached skill level 1 in Summonings
  2325 | D:4      | Reached skill level 1 in Necromancy
  2325 | D:4      | Reached skill level 1 in Transmutations
  2325 | D:4      | Reached skill level 1 in Fire Magic
  2325 | D:4      | Reached skill level 1 in Ice Magic
  2325 | D:4      | Reached skill level 1 in Air Magic
  2325 | D:4      | Reached skill level 1 in Earth Magic
  2325 | D:4      | Reached skill level 1 in Poison Magic
  2549 | D:4      | Gained mutation: You are weak. (Str -2) [potion of
                  | mutation]
  2549 | D:4      | Gained mutation: You evolve. [potion of mutation]
  2549 | D:4      | Gained mutation: Your spells are a little harder to cast,
                  | but a little more powerful. [potion of mutation]
  2556 | D:4      | Reached XP level 5. HP: 20/43 MP: 12/12
  3091 | D:3      | Gained mutation: You have an increased reservoir of magic.
                  | (+10% MP) [evolution]
  3614 | D:4      | Found a staircase to the Ecumenical Temple.
  3631 | Temple   | Entered the Ecumenical Temple
  3754 | D:4      | Noticed a hungry ghost
  3877 | D:4      | Killed a hungry ghost
  3877 | D:4      | Reached XP level 6. HP: 27/50 MP: 15/15
  4083 | D:5      | Entered Level 5 of the Dungeon
  4133 | D:5      | Reached skill level 5 in Fighting
  4133 | D:5      | Reached skill level 5 in Polearms
  4133 | D:5      | Reached skill level 5 in Dodging
  4601 | D:5      | Found an iron altar of Okawaru.
  4941 | D:5      | Found a shadowy altar of Dithmenos.
  4971 | D:5      | Reached XP level 7. HP: 33/56 MP: 16/16
  5104 | D:5      | Became a worshipper of Dithmenos the Shadowed
  5559 | D:5      | Found a basalt altar of Yredelemnul.
  5622 | D:5      | Found Muinul Hese's Distillery.
  5627 | D:5      | Bought a potion of degeneration for 12 gold pieces
  5627 | D:5      | Bought a potion of heal wounds for 60 gold pieces
  5627 | D:5      | Bought a potion of curing for 36 gold pieces
  6439 | D:6      | Found a glowing drain.
  6448 | Sewer    | Entered a sewer
  6948 | Sewer    | Reached * piety under Dithmenos
  7398 | Sewer    | Learned a level 1 spell: Sandblast
  7434 | Sewer    | Gained mutation: You expend magic power (3 MP) to
                  | strengthen your wands. [evolution]
  7891 | D:6      | Reached XP level 8. HP: 63/63 MP: 18/18
  8169 | D:6      | Reached ** piety under Dithmenos
  8488 | D:6      | Noticed Blork the orc
  8498 | D:6      | Killed Blork the orc
  8644 | D:6      | Found a white marble altar of Elyvilon.
  9150 | D:7      | Identified the Almanac of the Compass and the Frostbite
  9160 | D:7      | Found a bloodstained altar of Trog.
  9736 | D:7      | Found a glowing silver altar of Zin.
  9736 | D:7      | Found an ancient bone altar of Kikubaaqudgha.
  9785 | D:7      | Reached XP level 9. HP: 54/69 MP: 20/20
 10016 | D:7      | Gained mutation: You are resistant to hostile enchantments.
                  | (MR+) [evolution]
 10084 | D:7      | Mangled by an orc warrior

Vault maps used:
D:1:      dpeg_arrival_rhombi
D:2:      chequers_temple_overflow_statue_of_worship
D:3:      first_ration
D:4:      cheibrodos_greedy_goblins, minmay_temple_entry_glassed_door,
          cheibrodos_ashenzari_chains
D:5:      nicolae_dithmenos_shadow_blocks, yredelemnul_forgotten_temple_becter,
          serial_shops, shop, okawaru_ov_weapons_minmay
D:6:      elyvilon_altar_1, lightli_sewer_entry_pipes, uniq_blork_the_orc
D:7:      bloody_trog, gammafunk_temple_overflow_pools
D:8:      serial_shops, shop, uniq_harold
Temple:   jpeg_temple_clearing
Sewer:    sewer_minmay_treatment

Skill      XL: |  1  2  3  4  5  6  7  8 |
---------------+-------------------------+-----
Spellcasting   | 5 6 |  6.3
Invocations    | 1 2 3 4 |  4.1
Short Blades   | 1 2 3 |  3.8
Long Blades    | 1 2 3 |  3.8
Axes           | 1 2 3 |  3.8
Maces & Flails | 1 2 3 |  3.8
Staves         | 1 2 3 |  3.8
Slings         | 1 2 3 |  3.8
Bows           | 1 2 3 |  3.8
Crossbows      | 1 2 3 |  3.8
Stealth        | 1 2 3 |  3.8
Shields        | 1 2 3 |  3.8
Unarmed Combat | 1 2 3 |  3.8
Evocations     | 1 2 3 |  3.8
Conjurations   | 1 2 3 |  3.1
Hexes          | 1 2 3 |  3.1
Charms         | 1 2 3 |  3.1
Summonings     | 1 2 3 |  3.1
Necromancy     | 1 2 3 |  3.1
Transmutations | 1 2 3 |  3.1
Fire Magic     | 1 2 3 |  3.1
Ice Magic      | 1 2 3 |  3.1
Air Magic      | 1 2 3 |  3.1
Earth Magic    | 1 2 3 |  3.1
Poison Magic   | 1 2 3 |  3.1
Throwing       | 3 4 |  4.6
Armour         | 3 4 |  4.6
Fighting       | 5 6 |  6.0
Polearms       | 5 6 |  6.0
Dodging        | 5 6 |  6.0
Translocations | 6 |  6.3

Action                   |  1- 3 |  4- 6 |  7- 9 || total
-------------------------+-------+-------+-------++-------
Melee: Spear             |   131 |    46 |   615 ||   792
       Bite              |    14 |    26 |    57 ||    97
       Whip              |    11 |   212 |       ||   223
       Punch             |       |       |     7 ||     7
Throw: Tomahawk          |       |    17 |    66 ||    83
 Cast: Shroud of Golubri |     4 |     1 |    18 ||    23
       Blink             |       |     4 |     1 ||     5
       Sandblast         |       |       |     9 ||     9
  Use: Scroll            |     4 |     3 |     8 ||    15
       Potion            |       |     1 |     3 ||     4
 Stab: Sleeping          |     1 |     3 |     7 ||    11
  Eat: Chunk             |     2 |     5 |    17 ||    24
       Ration            |       |     6 |       ||     6
Armor: Leather armour    |    31 |    49 |    67 ||   147
Dodge: Dodged            |    68 |   169 |   404 ||   641

Table legend:
 A = Non-vault XP
 B = Vault XP
 C = Vault XP percentage of total XP
 D = Non-vault monster count
 E = Vault monster count
 F = Vault count percentage of total count
                 A         B        C        D         E       F
            +---------+---------+-------+---------+---------+-------
      Total |    2058 |     464 |  18.4 |      92 |      69 |  42.9
            +---------+---------+-------+---------+---------+-------
        D:1 |      31 |       0 |   0.0 |      10 |       0 |   0.0
        D:2 |      57 |       0 |   0.0 |      17 |       0 |   0.0
        D:3 |      21 |       0 |   0.0 |      11 |       0 |   0.0
        D:4 |     288 |      18 |   5.9 |       6 |       9 |  60.0
        D:5 |     317 |       1 |   0.3 |       9 |       1 |  10.0
        D:6 |     916 |     159 |  14.8 |      26 |      11 |  29.7
        D:7 |     428 |       0 |   0.0 |      13 |       0 |   0.0
      Sewer |       0 |     286 | 100.0 |       0 |      48 | 100.0
            +---------+---------+-------+---------+---------+-------
